 Dungeon Crawl Stone Soup version 0.19-a0-1206-g6bcb79c (webtiles) character file.

1165 epen the Cudgeler (level 8, -10/44 HPs)
             Began as a Gargoyle Monk on Aug 21, 2016.
             Was a Believer of Hepliaklqana.
             Mangled by a hill giant
             ... wielding a +0 giant club
              (22 damage)
             ... on level 5 of the Dungeon.
             The game lasted 00:06:16 (3728 turns).

epen the Cudgeler (Gargoyle Monk)                   Turns: 3728, Time: 00:06:17

Health: -10/44     AC: 15    Str: 16 (17) XL:     8   Next: 40%
Magic:  9/9        EV: 11    Int: 11      God:    Hepliaklqana [**....]
Gold:   191        SH:  0    Dex: 11 (12) Spells: 0 memorised, 7 levels left

rFire  + . .     SeeInvis .     w - +0 morningstar
rCold  . . .     Gourm    .     E - +0 scale mail
rNeg   + . .     Faith    .     (no shield)
rPois  ∞         Spirit   .     (no helmet)
rElec  +         Dismiss  .     (no cloak)
rCorr  .         Reflect  .     (no gloves)
MR     .....     Harm     .     F - +2 pair of boots
Stlth  +.........               (no amulet)
                                k - ring of protection from fire
                                x - ring of stealth

@: no status effects
A: deterioration 1, negative energy resistance 1, electricity resistance,
unbreathing, petrification resistance, rot immunity, AC +5
a: Recall Ancestor, Ancestor Identity, Renounce Religion


You were on level 5 of the Dungeon.
You worshipped Hepliaklqana.
Hepliaklqana was pleased with you.
You were hungry.

You visited 2 branches of the dungeon, and saw 6 of its levels.

You collected 191 gold pieces.

Inventory:

Hand Weapons
 a - a +0 mace
 w - a +0 morningstar (weapon)
Armour
 b - a +0 robe
 v - a +0 ring mail
 E - a +0 scale mail (worn)
 F - a +2 pair of boots (worn)
Jewellery
 k - a ring of protection from fire (right hand)
 x - a ring of stealth (left hand)
Wands
 q - a wand of iceblast (0/15)
Scrolls
 g - a scroll of teleportation {unknown}
 h - 2 scrolls of recharging {unknown}
 l - a scroll of enchant weapon {unknown}
 m - 8 scrolls of identify {unknown}
 o - a scroll of enchant armour {unknown}
 r - a scroll of remove curse {unknown}
 s - 2 scrolls of amnesia {unknown}
 y - 2 scrolls of random uselessness {unknown}
 C - 2 scrolls of noise {unknown}
Potions
 d - 2 potions of degeneration {unknown}
 e - 2 potions of curing {unknown}
 i - a potion of flight {unknown}
 j - 2 potions of haste {unknown}
 n - 2 potions of heal wounds {unknown}
 t - a potion of experience {unknown}
 A - a potion of might {unknown}
Books
 p - a book of Dreams

   Spells                             Type                      Level
   a - Ensorcelled Hibernation        Hexes/Ice                    2
   b - Silence                        Hexes/Air                    5
   c - Darkness                       Hexes                        6
   d - Shadow Creatures               Summoning                    6
 B - a book of Callings

   Spells                             Type                      Level
   a - Summon Small Mammal            Summoning                    1
   b - Call Imp                       Summoning                    2
   c - Call Canine Familiar           Summoning                    3
   d - Summon Guardian Golem          Hexes/Summoning              3
   e - Summon Lightning Spire         Summoning/Air                4
   f - Summon Ice Beast               Ice/Summoning                4
Comestibles
 c - 5 bread rations
 f - 5 fruits
 u - a meat ration
 z - 2 beef jerkies
 D - 2 slices of pizza


   Skills:
 + Level 5.3 Fighting
 * Level 6.0 Maces & Flails
 * Level 5.5 Armour
 + Level 4.2 Dodging
 - Level 2.1 Stealth
 + Level 2.6 Invocations


You had 7 spell levels left.
You didn't know any spells.

Dungeon Overview and Level Annotations

Branches:
Dungeon (5/15)             Temple (1/1) D:4

Altars:
Ashenzari
Cheibriados
Dithmenos
Fedhas
Hepliaklqana
Kikubaaqudgha
Makhleb
Qazlal
Sif Muna
Vehumet
Xom
Yredelemnul


Innate Abilities, Weirdness & Mutations

You are resistant to torment.
Your stone body is resilient. (AC +5)
You are immune to poison.
You resist negative energy. (rN+)
You are resistant to electric shocks. (rElec)
You can survive without breathing.
You are immune to petrification.
You are immune to rotting.
Your body sometimes deteriorates upon taking damage.


Message History

The hill giant is no longer moving slowly.
Peplen hits the hill giant but does no damage.
Unknown command.
Evoke which item? (* to show all) (? for menu, Esc to quit)
Zapping:
q - a wand of iceblast {zapped: 3} (will waste charges)
Press: ? - help, Shift-Dir - straight line Nothing appears to happen.
The hill giant hits Peplen with a giant club!!
Peplen is destroyed!
Evoke which item? (* to show all) (? for menu, Esc to quit)
This wand has no charges.
The hill giant shouts!
Evoke which item? (* to show all) (? for menu, Esc to quit)
Okay, then.
Okay, then.
You hit the hill giant.
The hill giant is almost dead.
The hill giant hits you with a giant club!!
Ouch! That really hurt!
You die...

####......#
#.........#
########.........###
#>....R'..........(.
###.######)....####...
#...# #.....# #...
#.#.# #.....# #...
#.#.############ #...
#...C@..# #...
###.###.# ####
#.###.##############
#............)......
#.....##############
#.##### #[. #.. #..


You could see a hill giant.

Vanquished Creatures
  The ghost of epen the Insei, a novice DsMo (D:4)
  2 sky beasts (D:5)
  2 howler monkeys
  A centaur zombie (D:5)
  A crimson imp (D:5)
  A hound (D:5)
  An orc wizard (D:5)
  An orc priest (D:5)
  2 giant frog skeletons (D:4)
  A worker ant (D:4)
  2 hound skeletons (D:4)
  A worker ant zombie (D:5)
  6 adders
  An ooze (D:3)
  2 adder skeletons (D:4)
  An adder zombie (D:5)
  A worm (D:4)
  3 giant geckos
  9 orcs
  5 giant cockroaches
  6 goblins
  3 hobgoblins
  3 jackals (D:1)
  A quokka (D:5)
  5 bats
  6 giant newts
  8 kobolds
  8 rats
84 creatures vanquished.

Vanquished Creatures (collateral kills)
  A sky beast (D:5)
  An ogre (D:5)
  A dart slug (D:5)
  A giant gecko (D:5)
  3 orcs (D:5)
7 creatures vanquished.

Vanquished Creatures (others)
  An ogre (D:5)
  2 hexers (D:5)
3 creatures vanquished.

Grand Total: 94 creatures vanquished

Notes
Turn   | Place    | Note
-------+----------+-------------------------------------------
     0 | D:1      | epen the Gargoyle Monk began the quest for the Orb.
     0 | D:1      | Reached XP level 1. HP: 14/14 MP: 1/1
   214 | D:1      | Reached skill level 1 in Armour
   245 | D:1      | Reached XP level 2. HP: 19/19 MP: 2/2
   615 | D:1      | Reached XP level 3. HP: 23/23 MP: 3/3
   674 | D:2      | Found a shadowy altar of Dithmenos.
  1221 | D:3      | Found a stormy altar of Qazlal.
  1224 | D:3      | Found a shattered altar of Ashenzari.
  1227 | D:3      | Found a shadowy altar of Dithmenos.
  1230 | D:3      | Found a basalt altar of Yredelemnul.
  1385 | D:3      | Reached XP level 4. HP: 26/28 MP: 4/4
  2197 | D:4      | Reached skill level 4 in Maces & Flails
  2197 | D:4      | Reached XP level 5. HP: 33/33 MP: 5/5
  2435 | D:4      | Reached XP level 6. HP: 30/38 MP: 6/6
  2585 | D:4      | Found a staircase to the Ecumenical Temple.
  2627 | Temple   | Entered the Ecumenical Temple
  2763 | Temple   | Became a worshipper of Hepliaklqana
  2763 | Temple   | Reached * piety under Hepliaklqana
  2763 | Temple   | Reached ** piety under Hepliaklqana
  2764 | Temple   | Remembered your ancestor Peplen as a hexer
  2822 | D:4      | Noticed epen's ghost (novice DsMo)
  2871 | D:4      | Killed epen's ghost
  2871 | D:4      | Reached skill level 5 in Maces & Flails
  2871 | D:4      | Reached skill level 1 in Invocations
  2871 | D:4      | Reached XP level 7. HP: 27/39 MP: 7/7
  3090 | D:5      | Entered Level 5 of the Dungeon
  3170 | D:5      | Reached skill level 5 in Fighting
  3171 | D:5      | Reached XP level 8. HP: 14/44 MP: 9/9
  3182 | D:5      | Reached skill level 5 in Armour
  3491 | D:5      | Gained mutation: Your body sometimes deteriorates upon taking damage. [mutagenic meat]
  3648 | D:5      | Noticed a hill giant
  3701 | D:5      | Reached skill level 6 in Maces & Flails
  3728 | D:5      | Mangled by a hill giant

Vault maps used:
D:1:      scummos_arrival_hexagon
D:2:      minmay_misc_feat_five, grunt_dithmenos_smoke
D:3:      grunt_temple_overflow_cloverleaf, first_bread
D:4:      minmay_wonky_spiral
D:5:      lemuel_ice_spiral_2, serial_shops, shop, st_stairs_4,
          minmay_small_thing
Temple:   dpeg_chambers_temple

Skill      XL: |  1  2  3  4  5  6  7  8 |
---------------+-------------------------+-----
Armour         | 1 2 3 4 5 |  5.5
Maces & Flails | 4 5 6 |  6.0
Dodging        | 3 4 |  4.2
Fighting       | 4 5 |  5.3
Invocations    | 1 2 |  2.6
Stealth        | |  2.1

Action                   |  1- 3 |  4- 6 |  7- 9 || total
-------------------------+-------+-------+-------++-------
Melee: Mace              |    99 |    32 |       ||   131
       Morningstar       |       |   117 |   125 ||   242
Invok: Ancestor Life: He |       |     1 |       ||     1
       Ancestor Identity |       |     1 |       ||     1
Evoke: Wand              |       |       |     1 ||     1
 Stab: Sleeping          |     5 |     4 |     1 ||    10
       Confused          |       |       |     3 ||     3
  Eat: Chunk             |     1 |     4 |     5 ||    10
Armor: Robe              |    49 |    10 |       ||    59
       Ring mail         |       |    63 |    49 ||   112
       Scale mail        |       |       |    21 ||    21
Dodge: Dodged            |   109 |    88 |    88 ||   285
